 Dungeon Crawl Stone Soup version 0.29-a0-251-g80730f7218 (webtiles) character file.

Game seed: 6735638565804054810

22 anonymouscript the Magician (level 2, -3/19 HPs)
             Began as a Demonspawn Hedge Wizard on Mar 5, 2022.
             Slain by a gnoll
             ... wielding a +0 club
              (5 damage)
             ... on level 1 of the Dungeon.
             The game lasted 00:03:29 (1280 turns).

anonymouscript the Magician (DsWz)                  Turns: 1280, Time: 00:03:29

Health: -3/19      AC:  2    Str: 10    XL:     2   Next: 68%
Magic:  5/6        EV: 12    Int: 15    God:
Gold:   70         SH:  0    Dex: 12    Spells: 6/7 levels left

rFire   . . .      SeeInvis .   a - +0 dagger
rCold   . . .      Faith    .   (no shield)
rNeg    . . .      Spirit   .   b - +0 robe
rPois   .          Reflect  .   c - +0 hat
rElec   .          Harm     .   (no cloak)
rCorr   .          Rampage  .   (no gloves)
Will    .....                   (no boots)
Stlth   ++........              (no amulet)
HPRegen 0.06/turn               (no ring)
MPRegen 0.10/turn               (no ring)

@: no status effects
A: demonic touch 1
a: no special abilities


You were on level 1 of the Dungeon.
You visited 1 branch of the dungeon, and saw 2 of its levels.

You collected 70 gold pieces.

Inventory:

Hand Weapons
 a - a +0 dagger (weapon)
Armour
 b - a +0 robe (worn)
 c - a +0 hat (worn)


   Skills:
 + Level 2.2 Dodging
 + Level 1.9 Stealth
 + Level 3.4 Spellcasting
 + Level 1.2 Conjurations
 + Level 1.0 Summonings
 + Level 0.8 Translocations


You had 6 spell levels left.
You knew the following spells:

 Your Spells              Type           Power      Damage    Failure   Level
a - Magic Dart            Conj           24%        1d4       12%         1

Your spell library contained the following spells:

 Spells                   Type           Power      Damage    Failure   Level
 Slow                     Hex            8%         N/A       19%         1
 Call Imp                 Summ           5%         N/A       19%         2
 Blink                    Tloc           10%        N/A       21%         2
 Conjure Flame            Conj/Fire      4%         6-21      41%         3
 Mephitic Cloud           Conj/Pois/Air  3%         N/A       43%         3


Dungeon Overview and Level Annotations

Branches:
Dungeon (2/15)

Altars:


Innate Abilities, Weirdness & Mutations

Your touch may inflict minor irresistible damage on your foes.


Message History

You kill the ball python!
Your magical contamination has completely faded away.
You see here a ball python corpse.
Found 10 stones.
Done exploring.
(D) Dungeon
Where to? (? - help)
You see here a +0 dagger.
There is a stone staircase leading down here.
You climb downwards.
The gnoll shouts!
There is a stone staircase leading up here.
There are monsters nearby!
You hit the gnoll but do no damage.
A gnoll comes into view. It is wielding a +0 flail.
The gnoll closely misses you. The gnoll hits you with a +0 club.
The gnoll barely misses you. x2
You climb upwards.
There is a stone staircase leading down here.
You see here a +0 dagger.
You hit the gnoll but do no damage. The gnoll hits you with a +0 club.
Aiming: Magic Dart (safe; 12% risk of failure)
Press: ? - help, Q - select action Shift-Dir - straight line, f - gnoll
Aim: a gnoll, wielding a +0 club (100% to hit)
The magic dart hits the gnoll but does no damage.
The gnoll barely misses you.
Aiming: Magic Dart (safe; 12% risk of failure)
Press: ? - help, Q - select action Shift-Dir - straight line, f/p - gnoll
Aim: a gnoll, wielding a +0 club (100% to hit)
The magic dart hits the gnoll but does no damage.
The gnoll hits you with a +0 club.
Aiming: Magic Dart (safe; 12% risk of failure)
Press: ? - help, Q - select action Shift-Dir - straight line, f/p - gnoll
Aim: a gnoll, wielding a +0 club (100% to hit)
The magic dart hits the gnoll.
The gnoll is lightly wounded.
The gnoll hits you with a +0 club.
* * * LOW HITPOINT WARNING * * *
The gnoll hits you with a +0 club.
You die...

##......#.#...#....#####≈...≈####
#......#..........##≈#≈....##≈≈#
#......##....###..#≈≈≈.......≈≈#
#.....###....###..#≈≈.........≈#
##..............#..##...........≈
.............##.#####....≈≈≈.....
.............#....##....≈...≈...#
.............#.....#....≈.<.≈...#
..............#.@..#....≈...≈...#
.................g.#.....≈≈≈....#
..................###...........#
........##.......g##≈≈.........≈≈
..............##...#≈≈≈.......≈##
..#≈##.....######.###≈≈#.....≈#≈≈
###≈≈#≈#...# ##...####≈...≈####
#≈≈≈≈≈≈#...# #....##.###.######
≈≈#≈≈#≈##..# #.#####...........


You could see 2 gnolls.

Vanquished Creatures
  5 ball pythons (D:1)
  An endoplasm (D:1)
  2 giant cockroaches (D:1)
  2 goblins (D:1)
  3 hobgoblins (D:1)
  A quokka (D:1)
  2 bats (D:1)
  4 kobolds (D:1)
20 creatures vanquished.

Notes
Turn   | Place    | Note
-------+----------+-------------------------------------------
     0 | D:1      | anonymouscript the Demonspawn Hedge Wizard began the quest
                  | for the Orb.
     0 | D:1      | Reached XP level 1. HP: 13/13 MP: 4/4
   570 | D:1      | Gained mutation: Your touch may inflict minor irresistible
                  | damage on your foes. [demonic ancestry]
   570 | D:1      | Reached XP level 2. HP: 19/19 MP: 1/6
  1280 | D:1      | Slain by a gnoll

Illustrated notes

Levels and vault maps discovered:
D:1:      enne_arrival_octagon_isle, layout_basic, minivault_4
D:2:      layout_basic, minmay_misc_feat_square, dk_noncrumbling_4

Skill      XL: |  1 |
---------------+----+-----
Dodging        | 2 |  2.2
Stealth        | |  1.9
Spellcasting   | |  3.4
Conjurations   | |  1.2
Summonings     | |  1.0
Translocations | |  0.8

Action                   || total
-------------------------++-------
Melee: Dagger            ||    28
       Touch             ||     1
 Cast: Magic Dart        ||    56
Armor: Robe              ||    10
Dodge: Dodged            ||    25

Table legend: (Time is in decaauts)
 A = Elapsed time spent in this place.
 B = Non-inter-level travel time spent in this place.
 C = Inter-level travel time spent in this place.
 D = Time resting spent in this place.
 E = Time spent auto-exploring this place.
 F = Levels seen in this place.
 G = Mean time per level.
                   A        B        C        D        E       F      G
               +--------+--------+--------+--------+--------+-----+--------+
         Total |   1280 |   1259 |     21 |    117 |    892 |   2 |  640.0 |
       Dungeon |   1280 |   1259 |     21 |    117 |    892 |   2 |  640.0 |
               +--------+--------+--------+--------+--------+-----+--------+

Top non-repeatable levels by time:
     D:1: 1278 daAuts
     D:2: 2 daAuts
